[Event "*** Titled Tuesday Blitz"]
[Site "Chess.com"]
[Date "2020.04.28"]
[Round "4"]
[White "CarlosAlbornoz"]
[Black "benko_008"]
[Result "1/2-1/2"]
[WhiteElo "2744"]
[BlackElo "2517"]
[TimeControl "180+1"]
[EndTime "10:41:33 PDT"]
[Termination "Game drawn by repetition"]

1. e4 c5 2. Nf3 e6 3. d4 cxd4 4. Nxd4 a6 5. c4 d6 6. Nc3 b6 7. Be3 Bb7 8. Be2 Nf6 9. f3 Be7 10. O-O O-O 11. a4 Nc6 12. Qd2 Rc8 13. Rfd1 Qc7 14.
Rac1 Qb8 15. Nc2 Ba8 16. b4 Rfd8 17. Rb1 Ne5 18. Qd4 Nfd7 19. Na3 Nc6 20. Qd2 Nde5 21.
f4 Ng6 22. a5 bxa5 23. bxa5 Bb7 24. Bb6 Re8 25. Qe3 Nf8 26. Rd2 Nd7 27. Rdb2 Qa8 28.
Nc2 Nxb6 29. axb6 Na5 30. Na3 Bf6 31. Rc1 Bc6 32. Nc2 Nb7 33. Nd4 Bd7 34. e5 Be7 35. Bf3 dxe5 36. fxe5 Qb8 37. Nce2 Rc5 38. Qa3 Rxc4 39.
Qxa6 Rxc1+ 40. Nxc1 Nc5 41. Qa7 Qxe5 42. Nce2 Qe3+ 43. Kh1 Nd3 44. Qxd7 Nf2+ 45. Kg1 Ne4+ 46. Kh1 Nf2+ 47. Kg1 Ra8 48. Bxa8 Nh3+ 49. Kh1 Nf2+ 50. Kg1 Nh3+ 51. Kh1 Nf2+ 52. Kg1 1/2-1/2

[Event "*** Titled Tuesday Blitz"]
[Site "Chess.com"]
[Date "2020.04.28"]
[Round "4"]
[White "PauloCesarCosta_sad"]
[Black "Manukyan_Artak"]
[Result "1/2-1/2"]
[WhiteElo "2128"]
[BlackElo "2398"]
[TimeControl "180+1"]
[EndTime "10:41:33 PDT"]
[Termination "Game drawn by agreement"]

1. Nf3 f5 2. d4 Nf6 3. g3 d5 4. Bg2 e6 5. O-O c5 6. Nc3 Nc6 7. Be3 Ng4 8. Bg5 Qb6 9. Na4 Qa5 10. b3 c4 11. h3 Nf6 12. Bd2 Qa6 13. e3 Ne4 14.
Nc3 Nxc3 15. Bxc3 Bd7 16. Qe2 b5 17. a4 b4 18. Bb2 Na5 19. Ne5 g6 20. Bf3 Bg7 21.
Nxd7 Kxd7 22. Rab1 Rhc8 23. Bc1 Rab8 24. Rd1 Rb6 25.
Bd2 c3 26. Qxa6 Rxa6 27. Be1 Nb7 28. Be2 Rb6 29. f3 Nd6 30. g4 a5 31. Bg3 Bh6 32. Kf2 Rf8 33. Bxd6 Kxd6 34. f4 Bg7 35. g5 h6 36. h4 hxg5 37. hxg5 Rh8 38. Rh1 Rbb8 39. Rbg1 Ke7 40. Kg2 Kf7 41. Rxh8 Bxh8 42. Rh1 Bg7 43. Rh7 Kg8 44. Rh3 Rd8 45. Kf3 Kf7 46. Bb5 Rh8 47. Rxh8 Bxh8 48. Bd3 Bg7 49. Kg3 Bf8 50. Bb5 Bd6 51.
Bd3 Bc7 52. Kf3 Bb6 53. Bb5 Ke7 54. Bd3 Kd6 55. Bb5 Ke7 56. Bd3 Kd6 57. Be2 Kd7 58. Bd3 Kc7 59. Be2 Kd6 60. Bd3 Ke7 61. Be2 1/2-1/2

[Event "*** Titled Tuesday Blitz"]
[Site "Chess.com"]
[Date "2020.04.28"]
[Round "4"]
[White "SloLev"]
[Black "Gloomy_Wanderer"]
[Result "1/2-1/2"]
[WhiteElo "2533"]
[BlackElo "2811"]
[TimeControl "180+1"]
[EndTime "10:41:35 PDT"]
[Termination "Game drawn by repetition"]

1. d4 Nf6 2. Bf4 e6 3. e3 b6 4.
Nf3 Be7 5. Bd3 O-O 6. c3 c5 7. Nbd2 cxd4 8. exd4 Ba6 9. Bxa6 Nxa6 10. Qe2 Nc7 11.
O-O d6 12. Ne4 Nfd5 13. Bg3 h6 14. h3 Qd7 15. Rfe1 b5 16. a3 Nb6 17. Ned2 Ncd5 18. Qd3 Qc6 19. Rec1 Rfc8 20. Rc2 a6 21. Re1 Bf8 22.
Ne4 Rd8 23. b3 Rac8 24. Rec1 Ne7 25. c4 bxc4 26. bxc4 d5 27. cxd5 Qxd5 28. Bc7 Rxc7 29. Rxc7 Nf5 30. R7c6 Nd7 31. Rxa6 Be7 32. Ng3 Nxg3 33.
fxg3 Nf6 34. Qc4 Qf5 35. a4 Bd6 36. Rc6 Bxg3 37. Rc8 Rxc8 38. Qxc8+ Kh7 39. Qc2 Ne4 40. Rf1 Qd5 41. Kh1 f5 42. Nd2 Nf2+ 43. Kg1 Qxd4 44. Nf3 Nxh3+ 45. Kh1 Nf2+ 46. Kg1 Nh3+ 47. Kh1 Qg4 48.
a5 Qh5 49. gxh3 Qxh3+ 50. Kg1 Bb8 51. Qg2 Ba7+ 52. Rf2 Qh5 53. Kf1 Bxf2 54. Kxf2 Qe8 55. Qg3 Qb5 56. Qe5 Qc4 57. Kg2 Qg4+ 58. Kf2 Qc4 59.
Kg1 Qg4+ 60. Kf2 Qc4 1/2-1/2

[Event "*** Titled Tuesday Blitz"]
[Site "Chess.com"]
[Date "2020.04.28"]
[Round "4"]
[White "Atanejhad"]
[Black "obliviate12"]
[Result "0-1"]
[WhiteElo "2523"]
[BlackElo "2805"]
[TimeControl "180+1"]
[EndTime "10:41:36 PDT"]
[Termination "obliviate12 won on time"]

1. e4 c5 2. Nf3 d6 3. d4 cxd4 4. Nxd4 Nf6 5. Nc3 a6 6. Be3 e5 7. Nb3 Be7 8. f3 O-O 9. Qd2 Be6 10. O-O-O Nbd7 11. g4 b5 12. g5 Nh5 13. Kb1 Nb6 14.
Nd5 Nxd5 15. exd5 Bd7 16. Na5 Qc7 17. Bd3 Rac8 18. Rhg1 g6 19. Be4 Rfe8 20. Rc1 f5 21. gxf6 Nxf6 22. Bg5 Rf8 23. Bxf6 Rxf6 24. Nc6 Bf8 25.
h4 Kh8 26. h5 Bg7 27. hxg6 h6 28. Rh1 Rf4 29. Rh2 Kg8 30. Rch1 Rcf8 31. a3 Be8 32. Qg2 a5 33. Qh3 Qd7 34. Qg2 b4 35. a4 R8f6 36.
Qd2 Qc7 37. Qd3 Qb6 38. Qc4 Qc7 39. Qb5 Kf8 40. Qxa5 Qxa5 41. Nxa5 Bxa4 42. Nc6 b3 43. cxb3 Bxb3 44. Rc1 Ba4 45. Nd8 Bd7 46. Rc7 Ke8 47.
Nc6 Rxe4 48. fxe4 Rxg6 49. Na7 Rg4 50. Re2 h5 0-1

[Event "*** Titled Tuesday Blitz"]
[Site "Chess.com"]
[Date "2020.04.28"]
[Round "4"]
[White "tan275"]
[Black "Kildepiotr"]
[Result "0-1"]
[WhiteElo "2190"]
[BlackElo "2564"]
[TimeControl "180+1"]
[EndTime "10:41:37 PDT"]
[Termination "Kildepiotr won by resignation"]

1. d4 c5 2. d5 e5 3. c4 d6 4. Nc3 Be7 5. e3 a6 6. Bd3 f5 7. Nge2 Bf6 8. f3 Ne7 9. O-O O-O 10. Ng3 g6 11. a4 Nd7 12. a5 Bg5 13. f4 Bf6 14. e4 exf4 15. Bxf4 Ne5 16. Bxe5 Bxe5 17.
exf5 Nxf5 18. Nxf5 Bxf5 19. Bxf5 Rxf5 20. Rxf5 gxf5 21.
Qh5 Qf6 22. Rf1 Rf8 23. Ne4 Qg6 24. Qf3 Bxb2 25. Ng3 f4 26. Ne2 Be5 27. Kh1 Rf7 28. h3 Kg7 29. Nc3 Bxc3 30. Qxc3+ Qf6 31. Qxf6+ Rxf6 32. Rb1 Rf7 33. Rf1 Kg6 34. Rf3 Kf5 35. Kg1 Re7 36.
Rb3 Ke5 37. Rd3 Ke4 38. Rd1 Rf7 39. Kf2 f3 40. g3 h5 41. h4 Ke5 42. Rd3 Ke4 43. Rd1 Rf8 44. Rd2 Rg8 45. Rd1 Rg4 46.
Rd2 Ke5 47. Rc2 Kd4 48. Kxf3 Kd3 49. Rb2 Kxc4 50. Rxb7 Kxd5 51. Rb6 Ra4 52. Rxa6 c4 53. Ra8 c3 54. Rc8 Kd4 55. Rc6 d5 56. Ke2 Rxa5 57. Kd1 Ra1+ 58. Kc2 Ra2+ 59. Kb3 Rb2+ 60. Ka3 Rb8 61. Ka2 Kd3 0-1

[Event "*** Titled Tuesday Blitz"]
[Site "Chess.com"]
[Date "2020.04.28"]
[Round "4"]
[White "ChesterF"]
[Black "NemtsevIgor"]
[Result "0-1"]
[WhiteElo "2539"]
[BlackElo "2371"]
[TimeControl "180+1"]
[EndTime "10:41:38 PDT"]
[Termination "NemtsevIgor won by checkmate"]

1. e4 c6 2. d4 d5 3. e5 c5 4. dxc5 Nc6 5. f4 e6 6. Be3 d4 7. Bf2 Bxc5 8. Bd3 Nge7 9. a3 a5 10. Nd2 O-O 11. Ngf3 h6 12. O-O Nf5 13. Qe2 a4 14. Ne4 Ba7 15. Rfd1 Qc7 16. Kh1 Bd7 17. Rg1 Nce7 18. g4 Ne3 19. Nxd4 Bxd4 20. Bxe3 Bxe3 21.
Qxe3 Bc6 22. g5 Nf5 23. Qf3 h5 24. Qxh5 g6 25. Qf3 Kg7 26. Rae1 Rh8 27. Qf2 Rad8 28. Rg2 Qa5 29. Kg1 Nh4 30. Rg4 Nf5 31. Nf6 Qc7 32. Be4 Bxe4 33. Nxe4 Rd4 34. c3 Rd5 35. Rg2 Qd8 36.
Qe2 Nh4 37. Rf2 Qd7 38. Nf6 Qc6 39. Nxd5 Qxd5 40. Qe4 Qb3 41. Qc2 Qc4 42. Qe4 Qb3 43.
Qd4 Nf5 44. Qe4 Rh4 45. Rd2 Rg4+ 46. Kh1 Qb5 47. Rg1 Rh4 48. Rd8 Qc5 49. Qf3 Qc4 50. Rdd1 Qb3 51. Rdf1 Qc2 52. Rg4 Qxh2# 0-1

[Event "*** Titled Tuesday Blitz"]
[Site "Chess.com"]
[Date "2020.04.28"]
[Round "4"]
[White "AquivaRubinstein"]
[Black "RianKapriaga"]
[Result "1-0"]
[WhiteElo "2420"]
[BlackElo "2190"]
[TimeControl "180+1"]
[EndTime "10:41:39 PDT"]
[Termination "AquivaRubinstein won by checkmate"]

1. d4 Nf6 2. c4 e6 3. Nf3 b6 4.
g3 Ba6 5. Qc2 Bb4+ 6. Nbd2 c6 7.
Bg2 d5 8. O-O Nbd7 9. a3 Be7 10.
Re1 O-O 11. e4 dxe4 12. Nxe4 c5 13. Ne5 Rc8 14. Nxf6+ Nxf6 15. Nc6 Qc7 16. Bf4 Bd6 17. Bxd6 Qxd6 18. dxc5 Qxc5 19. b4 Qd6 20. b5 Bb7 21.
Nxa7 Bxg2 22. Nxc8 Rxc8 23. Kxg2 Qc5 24. a4 h5 25. h4 e5 26. Qf5 Qxc4 27. Rac1 Qd5+ 28.
Kg1 Re8 29. Rc8 Rxc8 30. Qxc8+ Kh7 31. Qf5+ Kg8 32. Rc1 Kf8 33. Qc8+ Ne8 34. Qc6 Qd2 35. Rf1 Nf6 36. Qxb6 e4 37. Qc5+ Kg8 38. Qc8+ Kh7 39. Qf5+ Kg8 40. Qf4 Qb2 41. Rd1 g6 42. Rd8+ Kg7 43.
Rd1 Ng4 44. Rf1 f5 45. Qc7+ Kh6 46. Qc1+ Qxc1 47. Rxc1 e3 48. fxe3 Nxe3 49. b6 f4 50. gxf4 Nd5 51. b7 Nxf4 52. b8=Q Ne2+ 53. Kf2 Nxc1 54.
Qh8# 1-0

[Event "*** Titled Tuesday Blitz"]
[Site "Chess.com"]
[Date "2020.04.28"]
[Round "4"]
[White "KNVB"]
[Black "GOGIEFF"]
[Result "0-1"]
[WhiteElo "2723"]
[BlackElo "2984"]
[TimeControl "180+1"]
[EndTime "10:41:40 PDT"]
[Termination "GOGIEFF won by resignation"]

1. d4 d5 2. Bf4 Nf6 3. e3 Bf5 4.
c4 e6 5. Nc3 c6 6. Qb3 Qc8 7.
Rc1 Nbd7 8. Nf3 Be7 9. h3 O-O 10. Be2 Nb6 11. Nd2 Qd7 12. O-O dxc4 13. Nxc4 Nxc4 14.
Bxc4 Rfd8 15. Rfd1 Bg6 16. Bg3 Rac8 17. a4 a5 18. Be2 Ne4 19. Nxe4 Bxe4 20. Qc4 Bb4 21. Bd3 Bxd3 22. Rxd3 c5 23. Rcd1 Qxa4 24. b3 Qc6 25. dxc5 Rxd3 26. Qxd3 Qxc5 27. Qd7 Qc6 28. Kh2 h5 29.
Qd3 b5 30. Qe2 g6 31. Rd4 Bf8 32. Be5 Qc5 33. f4 Bg7 34. Bxg7 Kxg7 35. Qd3 Qc3 36. Qe4 Qc5 37. Rd7 Rc7 38. Rd4 b4 39. Rc4 Qd6 40.
Rxc7 Qxc7 41. Qd4+ Kg8 42. Kg3 Qc3 43. Qd8+ Kg7 44.
Kf3 a4 45. bxa4 b3 46. a5 b2 47. Qb6 Qc2 48. Qd4+ Kg8 49. Qd8+ Kh7 50. Qe7 Qf5 51.
e4 b1=Q 52. exf5 Qd3+ 53. Kf2 Qxf5 54. Qb4 Qc2+ 55. Ke3 Qxg2 56. Kd4 Qxh3 57. a6 Qf3 58. Qc4 h4 59. a7 h3 60. Ke5 h2 61. Qc7 Qd5+ 62.
Kf6 Qf5+ 63. Ke7 h1=Q 64. Qd8 Qa1 65. Kf8 Qh8+ 66. Ke7 Qxd8+ 67. Kxd8 Qd5+ 68. Ke7 Qa8 69. Kf6 Qxa7 70. f5 exf5 71. Kg5 Qe7+ 0-1

[Event "*** Titled Tuesday Blitz"]
[Site "Chess.com"]
[Date "2020.04.28"]
[Round "4"]
[White "arminmusovic"]
[Black "djamir"]
[Result "0-1"]
[WhiteElo "2494"]
[BlackElo "2716"]
[TimeControl "180+1"]
[EndTime "10:41:40 PDT"]
[Termination "djamir won by resignation"]

1. a3 d5 2. Nc3 Nf6 3. d3 e5 4. Bg5 Be7 5. e4 c6 6. h3 Be6 7. f4 exf4 8. Bxf4 dxe4 9. dxe4 Qb6 10. Nf3 O-O 11. Qc1 Nbd7 12. Bd3 Nc5 13. Be3 Qd8 14.
Qd2 Nxd3+ 15. cxd3 c5 16. O-O b6 17. Ng5 Bb3 18.
Rac1 Rc8 19. Kh1 Qd7 20. Bf4 Rfd8 21. e5 Nh5 22. Nce4 Qxd3 23. Qf2 Nxf4 24. Qxf4 Bxg5 25. Nxg5 Qg6 26. Rc3 h6 27. Ne4 Rd4 28. Rxb3 Rxe4 29. Qh2 Re8 30. Rbf3 R4xe5 31. Qf4 R5e7 32. Qa4 Qe6 33.
Rf4 Qe2 34. R4f2 Qe4 35. Qb5 Qd5 36. a4 Qd7 37. Qc4 Qe6 38. Qb5 f6 39. a5 Kh7 40.
Rf5 Qd7 41. Qa6 Re1 42. Rf2 Qd4 43. Rf3 Qxb2 44. axb6 axb6 45. Qd3+ Kh8 46. Qg6 Rxf1+ 47. Rxf1 Qe5 48. Qb1 Rb8 49. Rf5 Qc7 50. Qc2 c4 51. Rb5 Qc6 52. Qa4 c3 53. Qa7 Qxb5 54. Qxb8+ Kh7 55.
Qc8 Qb1+ 56. Kh2 Qd3 57. h4 h5 58. Qe6 c2 59. Qc6 b5 60. g4 hxg4 61. h5 Qh3+ 62. Kg1 Qg3+ 63. Kf1 Qf3+ 64. Ke1 Qxc6 65. Ke2 0-1

[Event "*** Titled Tuesday Blitz"]
[Site "Chess.com"]
[Date "2020.04.28"]
[Round "4"]
[White "DrBergerBerger"]
[Black "SONOFHOLYGOD"]
[Result "1-0"]
[WhiteElo "2450"]
[BlackElo "2633"]
[TimeControl "180+1"]
[EndTime "10:41:40 PDT"]
[Termination "DrBergerBerger won by checkmate"]

1. e4 c5 2. Nc3 d6 3. d4 cxd4 4. Qxd4 e5 5. Bb5+ Bd7 6. Qd3 Be7 7. Nf3 Nf6 8. Bg5 O-O 9. Bxf6 Bxf6 10. Qxd6 Bxb5 11. Qxd8 Rxd8 12. Nxb5 Nc6 13. Nc7 Rac8 14. Nd5 Rd6 15. O-O-O Kf8 16. c3 Rcd8 17. Kc2 Be7 18. Rhe1 f6 19. Rd2 Kf7 20. Red1 Bf8 21. Nh4 g6 22. g3 Bh6 23. Rd3 Rc8 24. Kb1 b5 25.
Ng2 a5 26. Nge3 Rcd8 27. Nc2 f5 28. f3 Ne7 29. Na3 Nxd5 30. Rxd5 Rxd5 31. exd5 Rb8 32. c4 bxc4 33. Nxc4 e4 34. fxe4 fxe4 35. Re1 Ke7 36. Rxe4+ Kd7 37. Nxa5 Rc8 38. Nc4 Rc5 39. d6 Bg5 40. b3 h5 41. Kc2 Bf6 42. b4 Rc8 43. Kb3 Kc6 44. a4 Kd5 45. Rf4 Ke6 46. d7 Rd8 47. Nb6 Be5 48. Re4 Kf5 49. Rxe5+ Kxe5 50. a5 Kd6 51. a6 Kc6 52. Nc4 Rxd7 53. Ne5+ Kb6 54. Nxd7+ Kxa6 55. Kc4 h4 56. gxh4 Ka7 57. Ne5 Kb7 58. Nxg6 Kc7 59. h5 Kd6 60. h6 Ke6 61. h7 Kf7 62. h8=Q Ke6 63. Qh3+ Kf6 64. Qg3 Kg7 65. Nf4+ Kf6 66. Qg6+ Ke5 67. Qg5+ Ke4 68. h4 Kf3 69. h5 Ke3 70. h6 Kf3 71. h7 Ke3 72.
h8=Q Kf2 73. Qh2+ Kf3 74. Qgg3+ Ke4 75. Qe2+ Kf5 76. Qe6# 1-0

[Event "*** Titled Tuesday Blitz"]
[Site "Chess.com"]
[Date "2020.04.28"]
[Round "4"]
[White "APOKALIPSA13"]
[Black "amiralfio"]
[Result "0-1"]
[WhiteElo "2282"]
[BlackElo "2501"]
[TimeControl "180+1"]
[EndTime "10:41:40 PDT"]
[Termination "amiralfio won by resignation"]

1. d4 d5 2. Nc3 c6 3. e4 dxe4 4. Nxe4 Nf6 5. Ng3 g6 6. Nf3 Bg7 7. Be2 O-O 8. O-O Bg4 9. c3 Nbd7 10. Bf4 Nd5 11. Be3 Nxe3 12. fxe3 e5 13. Qc2 Kh8 14. Rad1 Qe7 15. h3 Bxf3 16. Bxf3 Qg5 17. Qf2 f5 18. Be2 Bh6 19. dxe5 Nxe5 20. Qf4 Rae8 21.
Rf2 Kg7 22. Nf1 Qf6 23. Qd4 b6 24. c4 Rd8 25. Qc3 Rxd1 26. Bxd1 Rd8 27. Bf3 Rd3 28. Qc1 Qd6 29. Re2 c5 30. Rf2 Nd7 31. Re2 Nf6 32. Qe1 Rd4 33. exd4 Qxd4+ 34. Kh1 Qxc4 35. Re7+ Kf8 36. Rxh7 Bg7 37. Rxg7 Kxg7 38. Ne3 Qf7 39. Nxf5+ gxf5 40. Qg3+ Qg6 41. Qxg6+ Kxg6 42. Kh2 Nd7 43. Kg3 Ne5 44. Kf4 Nd3+ 45. Ke3 Nxb2 46. a3 Nc4+ 47. Kf4 Nxa3 48. Bd1 Nc4 49. Bc2 Nd6 50. g4 Kf6 51. gxf5 b5 52. h4 c4 53. h5 b4 54.
h6 b3 55. h7 Kg7 56. f6+ Kh8 57. Bb1 c3 58. Ke3 c2 59. Bxc2 bxc2 60. Kd2 Kxh7 61.
Kxc2 Kg6 62. Kb3 Kxf6 63. Ka4 Nc8 64. Ka5 Ke7 65. Ka6 Kd8 66. Kb7 a5 0-1

[Event "*** Titled Tuesday Blitz"]
[Site "Chess.com"]
[Date "2020.04.28"]
[Round "4"]
[White "garicradomir"]
[Black "PlayChessSimple"]
[Result "1-0"]
[WhiteElo "2346"]
[BlackElo "2475"]
[TimeControl "180+1"]
[EndTime "10:41:41 PDT"]
[Termination "garicradomir won on time"]

1. e4 e6 2. d4 d5 3. Nc3 Nf6 4.
Bg5 Bb4 5. e5 h6 6. Bd2 Bxc3 7.
bxc3 Ne4 8. Qg4 g6 9. Bd3 Nxd2 10. Kxd2 c5 11. h4 c4 12. Bf1 Nd7 13. Ne2 Qe7 14. h5 g5 15. f4 f5 16. Qf3 g4 17. Qe3 Qa3 18. Ng3 Nb6 19. Be2 Bd7 20. Rhb1 Bc6 21. Rb4 Na4 22. Rab1 O-O-O 23. Bf1 a5 24. Rxa4 Qxa4 25.
Qe1 Qa3 26. Ne2 Rhf8 27. Qh4 b5 28. g3 Rd7 29. Bg2 b4 30. Qh1 Rb7 31. Qc1 Qxc1+ 32.
Rxc1 b3 33. axb3 cxb3 34. cxb3 Rxb3 35. Ra1 Rb2+ 36. Kd1 a4 37. Bf1 Bb5 38. Kc1 Rxe2 39. Bxe2 Bxe2 40. Rxa4 Rd8 41. Ra7 Rd7 42. Ra8+ Kb7 43.
Re8 Rc7 44. Rxe6 Rc6 45. Re7+ Kb6 46. Kd2 Bb5 47. Rf7 Rc7 48. Rxf5 Ra7 49. Rf6+ Ka5 50. f5 Ka4 51. e6 Kb3 52. Rf7 Ra2+ 53. Ke3 Kxc3 54.
Kf4 Kxd4 55. Rb7 Bc6 56. Rc7 Kc5 57. e7 Re2 58. f6 Kd6 59. Rxc6+ Kxc6 60. f7 Rf2+ 61.
Kxg4 Rxf7 62. e8=Q+ Rd7 63. Kf5 1-0

[Event "*** Titled Tuesday Blitz"]
[Site "Chess.com"]
[Date "2020.04.28"]
[Round "4"]
[White "moro182"]
[Black "WIDBIFS"]
[Result "1/2-1/2"]
[WhiteElo "2699"]
[BlackElo "2838"]
[TimeControl "180+1"]
[EndTime "10:41:42 PDT"]
[Termination "Game drawn by agreement"]

1. d4 Nf6 2. Bf4 g6 3. Nc3 d5 4.
e3 Bg7 5. Nb5 Na6 6. h3 O-O 7.
Nf3 c6 8. Nc3 Nc7 9. Bd3 Nce8 10. O-O Nd6 11. Re1 Bf5 12. Bf1 Nfe4 13. Nxe4 Nxe4 14.
c4 Qb6 15. Qb3 Qxb3 16. axb3 a6 17. Rec1 Rfc8 18. Be2 h6 19. Ne5 g5 20. Bh2 Nd2 21.
Rc3 f6 22. Nd3 Ne4 23. Rcc1 Nd2 24. Ra3 b5 25. cxd5 cxd5 26. Rxc8+ Rxc8 27. Nc5 b4 28.
Rxa6 Ne4 29. Ra5 Nxc5 30. Rxc5 Rxc5 31. dxc5 e5 32. c6 Bf8 33. f4 Bd6 34. g4 Bc8 35. fxe5 fxe5 36. Bf3 Be6 37. Kf2 Kf7 38. Ke2 Ke7 39.
Kd2 e4 40. Bxd6+ Kxd6 41. Bd1 Kxc6 42. Ke2 Kc5 43. Kd2 d4 44. Bc2 Bd5 45. Bd1 d3 46. Ke1 Kd6 47. Kd2 Ke5 48. Ke1 Be6 49. Kd2 h5 50.
Ke1 Kf6 51. Kd2 Bd5 52. Ke1 Be6 53. Kd2 Ke5 54. Ke1 Bd7 55. Kd2 Be8 56. Ke1 Bd7 57. Kd2 hxg4 58. hxg4 Be6 59. Ke1 1/2-1/2

[Event "*** Titled Tuesday Blitz"]
[Site "Chess.com"]
[Date "2020.04.28"]
[Round "4"]
[White "Marty435"]
[Black "DryCounty"]
[Result "1/2-1/2"]
[WhiteElo "2542"]
[BlackElo "2755"]
[TimeControl "180+1"]
[EndTime "10:41:44 PDT"]
[Termination "Game drawn - insufficient material"]

1. e4 e5 2. Nf3 Nc6 3. Bb5 a6 4. Ba4 Nf6 5. d3 d6 6. O-O g6 7. c4 Bg7 8. Nc3 O-O 9. h3 Nd7 10. Bg5 f6 11. Be3 Nc5 12. Bxc6 bxc6 13. d4 exd4 14. Nxd4 Bd7 15. Qc2 a5 16. Rad1 Qe7 17.
Rfe1 Rab8 18. Nde2 Ne6 19. Rd2 Qf7 20. Red1 f5 21. exf5 Qxf5 22. Qxf5 Rxf5 23. b3 Rbf8 24. Ne4 c5 25. N2g3 R5f7 26. Nxc5 Nxc5 27. Bxc5 dxc5 28.
Rxd7 Rxf2 29. Ne4 Rxa2 30. Rxc7 Bd4+ 31. Kh1 Rf5 32. Rc8+ Kg7 33. Rc7+ Kh6 34. g4 Re5 35. g5+ Rxg5 36. Nxg5 Kxg5 37. Rxh7 Rb2 38. Ra7 Rxb3 39. Rxa5 Rxh3+ 40. Kg2 Rh4 41. Rd3 Rg4+ 42. Rg3 Rxg3+ 43.
Kxg3 Kf5 44. Kf3 g5 45. Ra8 g4+ 46. Kg3 Ke4 47. Kxg4 Kd3 48. Ra4 Bc3 49. Kf5 Bb4 50. Ke5 Kxc4 51. Ke4 Kb3 52. Ra8 c4 53. Rc8 c3 54.
Kd3 Kb2 55. Rb8 Kb3 56. Rc8 Kb2 57. Rc6 Kb3 58. Rc4 Ka4 59. Kc2 Kb5 60. Kb3 Ba5 61.
Rh4 Kc5 62. Rh5+ Kb6 63. Ka4 c2 64. Rh6+ Kb7 65. Rh7+ Kb6 66. Rh6+ Kb7 67. Rh1 Bd2 68. Kb3 c1=Q 69. Rxc1 Bxc1 1/2-1/2

[Event "*** Titled Tuesday Blitz"]
[Site "Chess.com"]
[Date "2020.04.28"]
[Round "4"]
[White "jonaszmb"]
[Black "tteshan"]
[Result "1/2-1/2"]
[WhiteElo "2432"]
[BlackElo "2249"]
[TimeControl "180+1"]
[EndTime "10:41:44 PDT"]
[Termination "Game drawn by stalemate"]

1. d4 Nf6 2. c4 e6 3. Nf3 b6 4. g3 Bb4+ 5. Nbd2 Bxd2+ 6. Bxd2 Bb7 7. Bg2 O-O 8. O-O d6 9. Re1 Nbd7 10. Qc2 Be4 11. Qc1 Re8 12. b4 c5 13. bxc5 dxc5 14. e3 Qc7 15. Nh4 Bxg2 16. Nxg2 cxd4 17. exd4 Rac8 18. Ne3 Ne4 19. Bb4 Ng5 20. Qd1 Qb7 21. d5 exd5 22. Nxd5 Rxe1+ 23. Bxe1 Ne5 24. Qe2 Nef3+ 25.
Kg2 Qd7 26. Nf4 Re8 27. Rd1 Rxe2 28. Rxd7 Nxe1+ 29. Kf1 Re8 30. Nd5 Nef3 31. Ne3 Nxh2+ 32. Kg2 Nhf3 33. Rxa7 h6 34. Rb7 Ne1+ 35. Kf1 Nd3 36. Rxb6 Ne4 37. Nd5 Nexf2 38. a4 Ne4 39. a5 Nd2+ 40.
Kg2 Nxc4 41. Rb5 Nd6 42. Rb6 Nc4 43. Ra6 Re2+ 44. Kh3 Re5 45. Ra8+ Kh7 46. Nf4 g5 47. Nxd3 Rxa5 48. Rf8 Kg7 49. Rc8 Nd6 50. Nc5 Nf5 51. Rd8 Rxc5 52. g4 Rc3+ 53. Kg2 Rg3+ 54. Kf2 Rxg4 55.
Rd7 Rd4 56. Ra7 Rd5 57. Kg2 h5 58. Kf3 g4+ 59. Ke4 Rd4+ 60. Kxf5 Rd5+ 61. Kf4 Rb5 62. Ra6 f6 63. Kg3 Kg6 64. Kh4 Rb4 65. Ra8 Rb3 66.
Ra3 Rxa3 1/2-1/2

[Event "*** Titled Tuesday Blitz"]
[Site "Chess.com"]
[Date "2020.04.28"]
[Round "4"]
[White "Leonid_Starozhilov"]
[Black "Qvalda"]
[Result "1-0"]
[WhiteElo "2603"]
[BlackElo "2406"]
[TimeControl "180+1"]
[EndTime "10:41:45 PDT"]
[Termination "Leonid_Starozhilov won on time"]

1. e4 c5 2. Nf3 e6 3. c4 a6 4. Nc3 Nc6 5. d4 cxd4 6. Nxd4 Bb4 7. Nxc6 Bxc3+ 8. bxc3 dxc6 9. Qxd8+ Kxd8 10. c5 e5 11. Be3 Be6 12. f3 Kc7 13. Be2 Rd8 14. Kf2 Ne7 15.
Rhb1 f6 16. Rb2 Bc8 17. a4 g5 18.
Bc4 Ng6 19. g3 Rhf8 20. Kg2 h5 21. Rab1 h4 22. g4 Nf4+ 23. Bxf4 exf4 24. Kf2 Rfe8 25. Be2 Re7 26. Rd1 Rxd1 27. Bxd1 Re5 28. Be2 Rxc5 29. c4 Be6 30. Rc2 b5 31. axb5 axb5 32. Ke1 Bxc4 33.
Kd2 Kd6 34. Bd1 Be6 35. Rb2 Ke5 36. Be2 Bf7 37. Rb4 Be6 38. Rb2 Kd6 39. Rb1 Kc7 40. Bd3 Re5 41. Kc3 Kb6 42. Rb2 Rc5+ 43. Kd2 Re5 44. Rb1 Bd7 45. Kc3 c5 46. Ra1 b4+ 47. Kb3 Bb5 48. Bc2 Re6 49. Ra8 Rd6 50. Rb8+ Ka6 51. Rf8 Bc6 52. Kb2 Kb6 53. Bb3 Bb5 54. Bd5 c4 55. Rc8 c3+ 56. Kb3 Ba6 57. Rb8+ Ka5 58.
Rxb4 Bb5 59. Kxc3 Kb6 60. Bc4 Rc6 61. Rxb5+ Kc7 62. Kd4 1-0

[Event "*** Titled Tuesday Blitz"]
[Site "Chess.com"]
[Date "2020.04.28"]
[Round "4"]
[White "Bastiandash"]
[Black "Chichin_chao"]
[Result "1-0"]
[WhiteElo "2022"]
[BlackElo "2367"]
[TimeControl "180+1"]
[EndTime "10:41:45 PDT"]
[Termination "Bastiandash won on time"]

1. Nf3 Nf6 2. b3 d6 3. Bb2 Nbd7 4. e3 e5 5. c4 Be7 6. Nc3 O-O 7. Qc2 Re8 8. Be2 Bf8 9. O-O c6 10. d4 a5 11.
dxe5 dxe5 12. Rad1 Qc7 13. Ng5 Nc5 14. Nce4 Ncxe4 15. Nxe4 Nxe4 16. Qxe4 f5 17. Qh4 Be7 18. Qg3 Bf6 19. Rd2 Be6 20. Rfd1 f4 21. exf4 exf4 22.
Qf3 Bxb2 23. Rxb2 Rad8 24. Rbd2 Rxd2 25. Rxd2 h6 26. Rd4 Bf7 27. Re4 Rxe4 28. Qxe4 Qd6 29. Bd3 Kf8 30. h3 g5 31. Qf5 Ke7 32. Qe4+ Qe6 33. Qd4 Qd6 34. Qe4+ Kd8 35. Kf1 Kc7 36. Ke2 Qf6 37. Kf3 Bh5+ 38. g4 Bf7 39. Qf5 Qxf5 40. Bxf5 Kd6 41. Ke4 b5 42. cxb5 cxb5 43. Bc8 Bd5+ 44.
Kf5 Bg2 45. Kg6 Bxh3 46. Kxh6 Ke5 47. Kxg5 b4 48. Kh4 Bf1 49. g5 Bd3 50. Kh5 Kd4 51.
g6 Kc3 52. g7 Bh7 53. Be6 1-0

[Event "*** Titled Tuesday Blitz"]
[Site "Chess.com"]
[Date "2020.04.28"]
[Round "4"]
[White "TzoumpasAnastasis"]
[Black "Willychess95"]
[Result "1-0"]
[WhiteElo "2198"]
[BlackElo "2548"]
[TimeControl "180+1"]
[EndTime "10:41:46 PDT"]
[Termination "TzoumpasAnastasis won on time"]

1. e4 c5 2. Nf3 d6 3. c3 Nf6 4.
Be2 Nc6 5. d4 cxd4 6. cxd4 d5 7.
e5 Ne4 8. O-O g6 9. Be3 Bg7 10.
Nbd2 Nxd2 11. Nxd2 O-O 12. Nb3 f6 13. f4 b6 14. Rc1 Bb7 15. Bb5 Rc8 16. Qe2 fxe5 17. fxe5 Qd7 18. a3 Rxf1+ 19. Rxf1 Rf8 20. Rxf8+ Bxf8 21. Qc2 a6 22. Bd3 Nd8 23. Bxg6 hxg6 24. Qxg6+ Bg7 25. Qxb6 Ne6 26. Nc5 Nxc5 27. Qxc5 Kf7 28.
h3 Qb5 29. Qxb5 axb5 30. b4 Bc8 31. g4 Kg6 32. Kf2 Be6 33. Kf3 Bg8 34. Bf4 Kf7 35. h4 Bh7 36. h5 Bc2 37. Ke2 Bf8 38. g5 Be4 39. g6+ Ke6 40. Bg5 Bf5 41. Ke3 Bc2 42. Kf4 Bd3 43. Kg4 Be2+ 44. Kh4 Bd3 45. Kg3 Bc2 46. Kf4 Bd3 47. Ke3 Bb1 48. Kd2 Kf5 49. Bxe7 Bh6+ 50. Kc3 Kg4 51. Bf6 Kxh5 52. g7 Bh7 53. e6 Kg6 54. e7 Kf7 55. Kb3 Bg8 56.
a4 bxa4+ 57. Kxa4 Ke8 58. b5 Bf4 59. b6 Be6 60. Be5 Bg5 61. b7 1-0

[Event "*** Titled Tuesday Blitz"]
[Site "Chess.com"]
[Date "2020.04.28"]
[Round "4"]
[White "Phenix2k"]
[Black "Two_Towers_Krakow"]
[Result "0-1"]
[WhiteElo "2291"]
[BlackElo "2470"]
[TimeControl "180+1"]
[EndTime "10:41:46 PDT"]
[Termination "Two_Towers_Krakow won by resignation"]

1. d4 Nf6 2. c4 e6 3. Nc3 Bb4 4. Qc2 O-O 5. e4 d5 6. e5 Ne4 7. Bd3 c5 8. Nf3 cxd4 9. Nxd4 Nc6 10. Nxc6 bxc6 11. O-O Bxc3 12. bxc3 f5 13. exf6 Nxf6 14. Bg5 h6 15. Bh4 e5 16. cxd5 cxd5 17. c4 d4 18. Rae1 Qa5 19. f4 exf4 20. Bxf6 Rxf6 21. Re8+ Kf7 22.
Rfe1 Be6 23. Rxa8 Qxe1+ 24. Bf1 Qe3+ 25. Kh1 d3 26. Qxd3 Rf5 27. h3 Qxd3 28. Bxd3 Ra5 29.
c5 Rxa2 30. c6 Bd5 31. c7 Ra1+ 32. Kh2 Be6 33. c8=Q Bxc8 34. Rxc8 a5 35. Rc7+ Kf6 36. Ra7 a4 37. h4 a3 38. Bc4 g5 39. Ra6+ Kg7 40.
h5 Rc1 41. Ra7+ Kf6 42. Ba2 Rc3 43. Ra6+ Kf5 44. Rxh6 g4 45. Rh8 Kg5 46. h6 g3+ 47. Kh3 Rc1 48. Rg8+ Kxh6 49. Kg4 Rc2 50. Bd5 Rd2 51. Ra8 Rxd5 52. Rxa3 Rd4 53. Rf3 Rd2 54. Kh3 Rf2 55. Rc3 Kg5 56. Rc5+ Kf6 57. Rc3 Kf5 58.
Ra3 Rf1 59. Ra5+ Ke4 60. Ra4+ Ke3 61. Ra3+ Kf2 62. Ra2+ Kg1 63. Ra3 f3 64. gxf3 g2 65. Ra2 Rxf3+ 66. Kg4 Re3 67. Ra1+ Kf2 68. Ra2+ Re2 69.
Ra1 g1=Q+ 70. Rxg1 Kxg1 71. Kf3 Kf1 0-1